 Dungeon Crawl Stone Soup version 0.28-a0-834-g1a73be5ee4 (webtiles) character file.

Game seed: 11933603457347434964

100475 vurker the Eclecticist (level 15, 73/73 HPs)
             Began as a Felid Air Elementalist on Nov 11, 2021.
             Was a High Priest of Vehumet.
             Quit the game on level 4 of the Snake Pit.
             The game lasted 01:14:54 (54586 turns).

vurker the Eclecticist (Felid Air Elementalist)    Turns: 54586, Time: 01:14:55

Health: 73/73      AC:  3    Str:  9    XL:     15   Next: 80%
Magic:  36/36      EV: 24    Int: 25    God:    Vehumet [*****.]
Gold:   3055       SH:  0    Dex: 19    Spells: 17/47 levels left
                                        Lives:  0   Deaths: 4

rFire   . . .      SeeInvis +   (weapon unavailable)
rCold   + + .      Faith    .   (shield unavailable)
rNeg    . . .      Spirit   .   (armour unavailable)
rPois   +          Reflect  .   (helmet unavailable)
rElec   .          Harm     .   (cloak unavailable)
rCorr   .          Rampage  .   (gloves unavailable)
Will    ++...                   (boots unavailable)
Stlth   +++.......              D - amulet of the Locust {RegenMP Int+4}
HPRegen 0.22/turn               I - ring of protection from fire
MPRegen 0.50/turn               q - ring "Lerang" {Ice rPois Str+5 Stlth+}

@: studying Unarmed Combat, quick
A: very small, claws 1, fangs 3, see invisible, speed 1, shaggy fur 3, stealthy
paws, no weapons or thrown items, no armour, multi-lived
a: Renounce Religion


You were on level 4 of the Snake Pit.
You worshipped Vehumet.
Vehumet was extremely pleased with you.
You visited 5 branches of the dungeon, and saw 28 of its levels.
You also visited: Bailey.

You collected 3883 gold pieces.
You spent 828 gold pieces at shops.

Inventory:

Jewellery
 g - a +4 ring of protection
   (You took it off a gnoll on level 1 of the Dungeon)
 k - the ring of Fihu {rF+ rC+ rCorr MP-9 Stlth+}
   (You found it on level 6 of the Lair of Beasts)

   [ring of protection from cold]

   rF:        It protects you from fire.
   rC:        It protects you from cold.
   MP:        It affects your magic capacity (-9).
   rCorr:     It protects you from acid and corrosion.
   Stlth:     It makes you more stealthy.
 l - a ring of magical power
   (You found it on level 3 of the Dungeon)
 m - a ring of positive energy
   (You found it on level 3 of the Dungeon)
 q - the ring "Lerang" (right paw) {Ice rPois Str+5 Stlth+}
   (You acquired it on level 11 of the Dungeon)

   [ring of ice]

   It enhances your ice magic.
   Str:       It affects your strength (+5).
   rF:        It makes you vulnerable to fire.
   rC:        It protects you from cold.
   rPois:     It protects you from poison.
   Stlth:     It makes you more stealthy.
 C - a +6 ring of strength
   (You found it on level 1 of the Snake Pit)
 D - the amulet of the Locust (around neck) {RegenMP Int+4}
   (You acquired it on level 15 of the Dungeon)

   [amulet of magic regeneration]

   It increases your rate of magic regeneration.
   Int:       It affects your intelligence (+4).
 I - a ring of protection from fire (left paw)
   (You took it off an orc in a bailey)
 J - the ring of Pyacuras {Ice rElec MP+9 Stlth+}
   (You acquired it on level 11 of the Dungeon)

   [ring of ice]

   It enhances your ice magic.
   rF:        It makes you vulnerable to fire.
   rC:        It protects you from cold.
   rElec:     It insulates you from electricity.
   MP:        It affects your magic capacity (+9).
   Stlth:     It makes you more stealthy.
 N - an amulet of reflection
   (You took it off a naga ritualist on level 4 of the Snake Pit)
Wands
 d - a wand of iceblast (17)
   (You found it on level 13 of the Dungeon)
 j - a wand of polymorph (2)
   (You found it on level 2 of the Lair of Beasts)
 t - a wand of flame (36)
   (You took it off Joseph on level 8 of the Dungeon)
 u - a wand of paralysis (23)
   (You found it on level 6 of the Lair of Beasts)
 x - a wand of acid (6)
   (You found it on level 4 of the Snake Pit)
 H - a wand of mindburst (6)
   (You found it on level 4 of the Snake Pit)
Scrolls
 a - a scroll of blinking
 b - 3 scrolls of magic mapping
 i - 4 scrolls of summoning
 r - 10 scrolls of identify
 v - 3 scrolls of immolation
 w - 2 scrolls of fear
 y - 8 scrolls of teleportation
 z - 5 scrolls of amnesia
 E - 6 scrolls of fog
 F - a scroll of vulnerability
Potions
 c - 5 potions of brilliance
 e - a potion of haste
 f - 2 potions of attraction
 h - 6 potions of curing
 n - 3 potions of lignification
 o - 5 potions of flight
 p - a potion of resistance
 s - a potion of ambrosia
 A - 7 potions of mutation
 B - 4 potions of cancellation
 G - a potion of might {unknown}
 K - a potion of invisibility {unknown}
 L - 5 potions of magic
 M - 2 potions of heal wounds


   Skills:
 + Level 12.8 Fighting
 - Level 10.0 Dodging
 - Level 2.6 Stealth
 * Level 16.7 Spellcasting
 - Level 3.0 Conjurations
 + Level 15.1 Ice Magic
 * Level 15.9 Air Magic


You had 17 spell levels left.
You knew the following spells:

 Your Spells              Type           Power      Damage    Failure   Level
a - Lightning Bolt        Conj/Air       31%        1d48      1%          5
b - Ozocubu's Refrigerat  Ice            49%        4d14      1%          7
c - Airstrike             Air            39%        N/A       1%          4
d - Conjure Ball Lightni  Conj/Air       31%        3x3d10    2%          6
f - Maxwell's Capacitive  Air            39%        ∞         7%          8

Your spell library contained the following spells:

 Spells                   Type           Power      Damage    Failure   Level
 Orb of Destruction       Conj           17%        9d8       80%         7
 Ozocubu's Armour         Ice            98%        N/A       0%          3
 Swiftness                Air            79%        N/A       0%          3
 Magic Dart               Conj           100%       1d8       1%          1
 Shock                    Conj/Air       100%       1d9       1%          1
 Corpse Rot               Necr/Air       100%       N/A       1%          2
 Ensorcelled Hibernation  Hex/Ice        100%       N/A       1%          2
 Poisonous Vapours        Pois/Air       100%       N/A       1%          2
 Searing Ray              Conj           70%        2d7       1%          2
 Static Discharge         Conj/Air       62%        N/A       1%          2
 Dazzling Flash           Conj/Hex       56%        N/A       1%          3
 Stone Arrow              Conj/Erth      56%        3d10      1%          3
 Summon Lightning Spire   Summ/Air       57%        N/A       1%          4
 Apportation              Tloc           40%        N/A       2%          1
 Beastly Appendage        Tmut           40%        N/A       2%          1
 Pain                     Necr           80%        1d8       2%          1
 Slow                     Hex            80%        N/A       2%          1
 Summon Small Mammal      Summ           80%        N/A       2%          1
 Ignite Poison            Fire/Tmut/Pois 20%        N/A       2%          3
 Blink                    Tloc           40%        N/A       3%          2
 Fulminant Prism          Conj/Hex       14%        3d9       3%          4
 Iskenderun's Mystic Bla  Conj/Tloc      28%        2d7       3%          4
 Metabolic Englaciation   Hex/Ice        36%        N/A       3%          5
 Iskenderun's Battlesphe  Conj           35%        2d9       5%          5
 Call Canine Familiar     Summ           20%        N/A       8%          3
 Confusing Touch          Hex            20%        N/A       8%          3
 Lesser Beckoning         Tloc           20%        N/A       8%          3
 Summon Guardian Golem    Hex/Summ       20%        N/A       8%          3
 Tukima's Dance           Hex            20%        N/A       8%          3
 Vampiric Draining        Necr           20%        2d7       8%          3
 Yara's Violent Unravell  Hex/Tmut       10%        3d6       17%         5
 Passage of Golubria      Tloc           20%        N/A       24%         4
 Petrify                  Tmut/Erth      20%        N/A       24%         4
 Iron Shot                Conj/Erth      14%        9d4       45%         6
 Starburst                Conj/Fire      14%        6d6       45%         6
 Agony                    Necr           20%        N/A       56%         5
 Alistair's Intoxication  Tmut/Pois      13%        N/A       56%         5
 Manifold Assault         Tloc           20%        N/A       56%         5
 Storm Form               Tmut/Air       28%        N/A       63%         7
 Spellforged Servitor     Conj/Summ      14%        N/A       93%         7
 Statue Form              Tmut/Erth      13%        N/A       98%         6
 Dragon Form              Tmut           10%        N/A       100%        7
 Lehudib's Crystal Spear  Conj/Erth      14%        10d5      100%        8
 Dragon's Call            Summ           10%        N/A       100%        9
 Animate Armour           Summ/Erth      Unusable   N/A       N/A         4
 Excruciating Wounds      Necr           Unusable   N/A       N/A         5

Dungeon Overview and Level Annotations

Branches:
Dungeon (15/15)            Temple (1/1) D:6            Lair (6/6) D:10
  Swamp (0/4) Lair:2        Snake (4/4) Lair:3        Slime (0/5) Lair:6
    Orc (2/2) D:10            Elf (0/3) Orc:2        Vaults (0/5) D:13
 Depths (0/4) D:15         Bailey (visited)

Altars:
Ashenzari
Cheibriados
Dithmenos
Elyvilon
Fedhas
Gozag
Hepliaklqana
Kikubaaqudgha
Makhleb
Nemelex Xobeh
Okawaru
Qazlal
Ru
Sif Muna
Trog
Uskayaw
Vehumet
Wu Jian
Xom
Yredelemnul
Zin
The Shining One
Jiyva

Shops:
D:2 :*(**   D:5 *   D:11 :   Orc:2 ?!!(   Snake:4 [(

Annotations:
D:3 2 transporters, Shym's ghost, amateur GrEE
D:9 1 runed translucent door, Killmatronix's ghost, journeyman NaWn
D:14 Roxanne
Lair:4 2 transporters, Maxop's ghost, journeyman TrFi
Orc:1 2 transporters, Gwenloh's ghost, journeyman GrFi


Innate Abilities, Weirdness & Mutations

You have sharp claws.
You have razor-sharp teeth.
You have supernaturally acute eyesight. (SInv)
You cover ground quickly. (Speed+)
Your thick and shaggy fur keeps you warm. (AC +3, rC+)
Your paws help you pounce on unaware monsters.
You are incapable of wielding weapons or throwing items.
You cannot wear armour.
You gain extra lives every three experience levels.


Message History

Vehumet accepts your kill.
You feel your power returning.
A quicksilver dragon comes into view.
A quicksilver dragon is nearby!
You feel a surge of power!
The heat is drained from your surroundings.
You feel very cold.
The quicksilver dragon is frozen.
You feel a surge of power!
The heat is drained from your surroundings.
You feel very cold.
The quicksilver dragon is frozen.
The quicksilver dragon breathes dispelling energy at you.
The bolt of dispelling energy hits you!!!
Ouch! That really hurt!
* * * LOW HITPOINT WARNING * * *
You hear an angry hiss.
You hear a deafening roar!
As you read the scroll of fear, it crumbles to dust.
You assume a fearsome visage.
The quicksilver dragon resists with almost no effort.
The spell is quite dangerous to cast (7% risk of failure)!
Continue anyway?
You begin accumulating electric charge. (Press . to continue charging.)
You feel charge building up...
You feel charge building up...
The quicksilver dragon breathes dispelling energy at you.
The bolt of dispelling energy hits you.
* * * LOW HITPOINT WARNING * * *
You hear a shout!
You feel charge building up... The quicksilver dragon bites you!
* * * LOW HITPOINT WARNING * * *
The quicksilver dragon claws you.
* * * LOW HITPOINT WARNING * * *
The electricity discharges through the quicksilver dragon!
The quicksilver dragon vaporises in an electric haze!
You kill the quicksilver dragon!
Vehumet accepts your kill.
You feel your power returning.
The quicksilver dragon scales are intact enough to wear.
You hear a shout! x3
The shock serpent shoots out a bolt of lightning at you!
The bolt of electricity hits you!!
* * * LOW HITPOINT WARNING * * *
You cannot drink potions in your current state!
You see here a +0 morningstar of flaming.
The shock serpent shoots out a bolt of lightning at you!
The bolt of electricity misses you.
The shock serpent shoots out a bolt of lightning at you!
The bolt of electricity hits you!!
You die...
You are now level 15!
You rejoin the land of the living...

#### ####..### ##.. ..#
#.......### ##.
###.####......#..## ##.
###...###..........## ##..
###.....#########....###...
###.......### ##....#...#
###.........### ##......##
##..........)## ##....##
###.....888...@.### ##....#
#.....∩.8#8.∩...).##
##...##
#.#.....888.....#..# ##....
##..........)##..### ##...
###.........###....## ##..
###......†#####....# ##.
###.....### ##...### #.
###...### ##....# #.
###.##### ##...## #.


There were no monsters in sight!

Vanquished Creatures
  Saint Roka (Snake:3)
  Mlioglotl (Snake:1)
  A quicksilver dragon (Snake:4)
  Gastronok (Lair:1)
  5 nagarajas
  Aizul (Snake:2)
  An orc warlord (Bailey)
  Nessos (D:14)
  Azrael (Snake:1)
  Snorg (D:11)
  2 fire dragons (D:15)
  3 vault guards (D:13)
  5 salamander tyrants
  4 ogre magi (Orc:2)
  A boulder beetle (D:14)
  14 naga warriors
  11 hydras
  14 anacondas
  4 centaur warriors
  A death knight (D:14)
  21 two-headed ogres
  A death yak (D:12)
  12 naga sharpshooters
  Urug (Lair:5)
  A tengu warrior (D:14)
  Nergalle (D:11)
  9 shock serpents
  3 salamander mystics
  5 skeletal warriors
  A goliath frog (Lair:6)
  7 naga ritualists
  A phantasmal warrior (D:14)
  5 orc knights
  4 deep elf pyromancers
  3 harpies (D:13)
  A wolf spider (D:15)
  An orc sorcerer (Orc:1)
  16 mana vipers
  3 ugly things (D:14)
  4 cyclopes
  2 manticores
  5 elephants (Lair:6)
  Joseph (D:8)
  14 salamanders
  7 guardian serpents
  An ice statue (D:10)
  40 black mambas
  10 naga magi
  A torpor snail (Lair:4)
  17 cane toads
  5 gargoyles
  A cane toad (shapeshifter) (D:15)
  2 rime drakes
  8 komodo dragons
  3 freezing wraiths
  A tengu conjurer (D:14)
  6 polar bears
  3 tyrant leeches (Lair:6)
  3 meliai (D:13)
  A hornet (D:8)
  3 trolls
  19 blink frogs
  6 slime creatures
  11 dream sheep
  A meliai zombie (D:11)
  A shadow (D:13)
  2 vampires
  2 wraiths
  9 humans (D:13)
  A hog (D:12)
  6 wyverns
  46 yaks
  4 fire bats (D:9)
  9 basilisks
  3 fire elementals (Snake:1)
  A steam dragon (D:8)
  18 vampire mosquitoes
  31 nagas
  8 wargs
  2 acid dragons
  3 hell hounds
  11 water moccasins
  29 orc warriors
  11 black bears
  An ice beast (D:8)
  A necrophage (D:8)
  27 ogres
  6 centaurs
  A wolf (D:7)
  2 phantoms
  2 kobold brigands
  4 gnoll sergeants
  Blork the orc (D:5)
  15 bullfrogs
  A wyvern skeleton (D:6)
  A water moccasin skeleton (D:6)
  12 killer bees
  3 wights (D:8)
  2 electric eels
  4 centaur zombies
  2 lava snakes (D:9)
  A jelly (D:6)
  6 hounds
  17 orc priests
  2 bullfrog skeletons
  2 gnoll shamans
  Terence (D:2)
  3 iguanas
  12 hell rats
  20 orc wizards
  3 killer bee zombies
  A hound skeleton (D:5)
  A howler monkey zombie (D:10)
  36 gnolls
  A howler monkey skeleton (D:4)
  5 river rats (Lair:6)
  5 adders
  3 shadow imps
  5 white imps
  An ufetubus (D:2)
  An adder skeleton (D:4)
  2 worms (D:2)
  A dart slug (D:2)
  76 orcs
  9 endoplasms
  7 giant cockroaches
  20 goblins
  16 hobgoblins
  11 jackals
  14 kobolds
  A quokka (D:2)
  11 ball pythons
  A ball python skeleton (D:2)
  7 bats
  3 frilled lizards (D:2)
  13 rats
  3 fire vortices (D:9)
947 creatures vanquished.

Vanquished Creatures (others)
  6 ball lightnings (D:14)
  46 fungi
  124 plants
176 creatures vanquished.

Grand Total: 1123 creatures vanquished

Notes
Turn   | Place    | Note
-------+----------+-------------------------------------------
     0 | D:1      | vurker the Felid Air Elementalist began the quest for the
                  | Orb.
     0 | D:1      | Reached XP level 1. HP: 7/7 MP: 4/4
   104 | D:1      | Reached skill level 1 in Conjurations
   402 | D:1      | Reached XP level 2. HP: 12/12 MP: 4/6
   663 | D:1      | Found a faded altar of an unknown god.
   842 | D:1      | Reached skill level 1 in Fighting
   931 | D:1      | Reached XP level 3. HP: 15/15 MP: 0/7
  1074 | D:2      | Noticed Terence
  1113 | D:2      | Killed Terence
  1203 | D:2      | Found Beteckiq's General Store.
  1364 | D:2      | Found Sut Onur's General Store.
  1375 | D:2      | Reached XP level 4. HP: 19/19 MP: 6/9
  1588 | D:2      | Bought a scroll of identify for 20 gold pieces
  1727 | D:2      | Found Ucirimn's Antique Weapon Emporium.
  2076 | D:2      | Reached skill level 3 in Spellcasting
  2178 | D:2      | Found Fygousea's Book Shop.
  2210 | D:2      | Found Sibegruc's General Store.
  2710 | D:3      | Found a transporter.
  2796 | D:3      | Noticed Shym's ghost (amateur GrEE)
  2882 | D:3      | Found a transporter.
  3025 | D:3      | Learned a level 4 spell: Airstrike
  3068 | D:3      | Reached XP level 5. HP: 22/22 MP: 10/10
  3566 | D:3      | Found a burning altar of Makhleb.
  3840 | D:4      | Found a glowing golden altar of the Shining One.
  3969 | D:4      | Noticed a black bear
  3981 | D:4      | Killed a black bear
  3982 | D:4      | Gained mutation: You are covered in thick fur. (AC +2)
                  | [Felid growth]
  3982 | D:4      | Reached XP level 6. HP: 9/26 MP: 12/12
  4461 | D:4      | Reached skill level 4 in Spellcasting
  4785 | D:4      | Reached XP level 7. HP: 30/30 MP: 14/14
  4878 | D:5      | Entered Level 5 of the Dungeon
  5036 | D:5      | Reached skill level 5 in Air Magic
  5167 | D:5      | Reached skill level 5 in Spellcasting
  5337 | D:5      | Found an opulent altar of Gozag.
  5384 | D:5      | Noticed Blork the orc
  5399 | D:5      | Killed Blork the orc
  5425 | D:5      | Reached XP level 8. HP: 35/35 MP: 17/17
  5861 | D:5      | Found Zuonaropn's Assorted Antiques.
  5936 | D:5      | Found a hide-covered altar of Uskayaw.
  6388 | D:6      | Found a blossoming altar of Fedhas.
  6459 | D:6      | Reached skill level 6 in Spellcasting
  6648 | D:6      | Found a staircase to the Ecumenical Temple.
  6714 | Temple   | Entered the Ecumenical Temple
  6839 | D:6      | Found a sacrificial altar of Ru.
  7537 | D:7      | Reached XP level 9. HP: 37/40 MP: 18/20
  7567 | D:7      | Reached skill level 5 in Fighting
  7567 | D:7      | Reached skill level 7 in Spellcasting
  8021 | D:2      | Bought Ozocubu's Autobiography for 288 gold pieces
  8029 | D:2      | Learned a level 7 spell: Ozocubu's Refrigeration
  8413 | D:7      | Reached skill level 1 in Ice Magic
  8568 | D:7      | Found a stormy altar of Qazlal.
  8905 | D:7      | Noticed a gargoyle
  8907 | D:7      | Noticed a gargoyle
  8908 | D:7      | Killed a gargoyle
  8908 | D:7      | Noticed a gargoyle
  9010 | D:7      | Killed a gargoyle
  9154 | D:7      | Noticed a gargoyle
  9179 | D:7      | Killed a gargoyle
  9180 | D:7      | Reached skill level 8 in Spellcasting
  9467 | D:7      | Killed a gargoyle
  9468 | D:7      | Reached XP level 10. HP: 45/45 MP: 12/23
  9723 | D:7      | Found a stormy altar of Qazlal.
 10226 | D:8      | Noticed Joseph
 11961 | D:8      | Reached skill level 9 in Spellcasting
 11961 | D:8      | Reached skill level 5 in Ice Magic
 12159 | D:8      | Noticed a deep elf pyromancer
 12174 | D:8      | Killed a deep elf pyromancer
 12243 | D:8      | Noticed a cyclops
 12248 | D:8      | Killed a cyclops
 13308 | D:8      | Killed Joseph
 13309 | D:8      | Reached XP level 11. HP: 38/50 MP: 21/25
 13444 | D:9      | Found a hazy altar of Hepliaklqana.
 13681 | D:9      | Found a runed translucent door.
 13685 | D:9      | Noticed a two-headed ogre
 13689 | D:9      | Killed a two-headed ogre
 13759 | D:9      | Noticed Killmatronix's ghost (journeyman NaWn)
 14324 | D:9      | Reached skill level 10 in Spellcasting
 14416 | D:9      | Found an ornate altar of the Wu Jian Council.
 15282 | D:9      | HP: 2/50 [fire bat (8)]
 15922 | D:9      | Found an ornate altar of the Wu Jian Council.
 16172 | D:9      | Found a hazy altar of Hepliaklqana.
 16835 | D:10     | Entered Level 10 of the Dungeon
 16835 | D:10     | Found a radiant altar of Vehumet.
 17036 | D:10     | Became a worshipper of Vehumet
 17638 | D:10     | Found a bloodstained altar of Trog.
 17732 | D:10     | Found a staircase to the Lair.
 18221 | D:10     | Found a staircase to the Orcish Mines.
 18431 | D:10     | Reached * piety under Vehumet
 18431 | D:10     | Offered knowledge of Sandblast by Vehumet.
 18617 | D:10     | Noticed a two-headed ogre
 18622 | D:10     | Killed a two-headed ogre
 18784 | D:10     | Learned a level 8 spell: Maxwell's Capacitive Coupling
 18790 | D:11     | Found Jafur's Book Shop.
 18928 | D:11     | Identified the +11 hand axe "Apoanoim" {flame, Contam rF+++
                  | rC- Stlth+}
 19226 | D:11     | Noticed a five-headed hydra
 19231 | D:11     | Killed a five-headed hydra
 19364 | D:11     | Gained mutation: Your thick and shaggy fur keeps you warm.
                  | (AC +3, rC+) [Felid growth]
 19364 | D:11     | Reached XP level 12. HP: 55/55 MP: 19/27
 19433 | D:11     | Found a flagged portal.
 19441 | D:11     | Found a frozen archway.
 19447 | Bailey   | Entered a bailey
 19953 | Bailey   | Reached skill level 11 in Spellcasting
 19953 | Bailey   | Reached ** piety under Vehumet
 20122 | Bailey   | Offered knowledge of Foxfire by Vehumet.
 20473 | Bailey   | Noticed an orc warlord
 20677 | Bailey   | Offered knowledge of Mephitic Cloud by Vehumet.
 21397 | Bailey   | Killed an orc warlord
 21398 | Bailey   | Reached skill level 10 in Air Magic
 21683 | D:11     | Noticed a two-headed ogre
 21692 | D:11     | Killed a two-headed ogre
 21791 | D:11     | Acquired 761 gold pieces
 21792 | D:11     | Acquired the ring of Pyacuras {Ice rElec MP+9 Stlth+}
 21793 | D:11     | Acquired the ring "Lerang" {Ice rPois Str+5 Stlth+}
 21967 | D:11     | Noticed Nergalle
 21973 | D:11     | Killed Nergalle
 22052 | D:11     | Identified the +4 mace of Ravage {vorpal, rPois Stlth+}
 22848 | D:11     | Reached *** piety under Vehumet
 23019 | D:11     | Noticed Snorg
 23034 | D:11     | Killed Snorg
 23138 | D:11     | Noticed a boulder beetle
 23332 | D:11     | Noticed a boulder beetle
 23395 | Lair:1   | Entered Level 1 of the Lair of Beasts
 23772 | Lair:1   | Noticed a seven-headed hydra
 23782 | Lair:1   | Killed a seven-headed hydra
 23866 | Lair:1   | Noticed Gastronok
 24420 | Lair:1   | Reached skill level 12 in Spellcasting
 24799 | Lair:1   | Killed Gastronok
 24800 | Lair:1   | Reached XP level 13. HP: 60/60 MP: 3/30
 25930 | Lair:2   | Reached skill level 10 in Ice Magic
 26082 | Lair:2   | Offered knowledge of Flame Wave by Vehumet.
 26559 | Lair:2   | Found a staircase to the Swamp.
 27674 | Lair:3   | Found a staircase to the Snake Pit.
 28077 | Lair:4   | Annihilated by a boulder beetle
 28078 | Lair:4   | Reached XP level 12. HP: -24/57 MP: 16/38
 28086 | Lair:4   | Reached **** piety under Vehumet
 28386 | Lair:4   | Noticed an eight-headed hydra
 28404 | Lair:4   | Killed an eight-headed hydra
 28645 | Lair:4   | Found a transporter.
 28971 | Lair:4   | Offered knowledge of Hailstorm by Vehumet.
 29135 | Lair:4   | Found a transporter.
 29145 | Lair:4   | Noticed Maxop's ghost (journeyman TrFi)
 29818 | Lair:5   | Noticed Urug
 29826 | Lair:5   | Killed Urug
 30127 | Lair:5   | Noticed a four-headed hydra
 30153 | Lair:5   | Killed a four-headed hydra
 31011 | Lair:6   | Entered Level 6 of the Lair of Beasts
 31035 | Lair:6   | Reached XP level 13. HP: 61/61 MP: 23/30
 31102 | Lair:6   | Reached skill level 13 in Spellcasting
 31681 | Lair:6   | Reached skill level 10 in Fighting
 32105 | Lair:6   | Reached ***** piety under Vehumet
 32164 | Lair:6   | Offered knowledge of Conjure Ball Lightning by Vehumet.
 32174 | Lair:5   | Learned a level 6 spell: Conjure Ball Lightning
 32559 | Lair:6   | Found a viscous altar of Jiyva.
 32559 | Lair:6   | Found a staircase to the Slime Pits.
 32597 | Lair:5   | HP: 2/61 [poisoned by a cane toad]
 32598 | Lair:5   | Mangled by a dream sheep
 32599 | Lair:5   | Reached XP level 12. HP: -6/58 MP: 39/39
 32724 | Lair:5   | Identified the +3 chain mail "Uceuf" {rPois rC+ Stlth+}
 33300 | Lair:5   | Reached XP level 13. HP: 61/61 MP: 31/31
 33301 | Lair:5   | Reached XP level 14. HP: 66/66 MP: 32/32
 35335 | Lair:6   | Identified the ring of Fihu {rF+ rC+ rCorr MP-9 Stlth+}
 35921 | Orc:1    | Entered Level 1 of the Orcish Mines
 36325 | Orc:1    | Found a transporter.
 36328 | Orc:1    | Found a transporter.
 36342 | Orc:1    | Found a bloodstained altar of Trog.
 36356 | Orc:1    | Noticed Gwenloh's ghost (journeyman GrFi)
 36414 | Orc:2    | Entered Level 2 of the Orcish Mines
 36645 | Orc:2    | Found a staircase to the Elven Halls.
 37122 | Orc:1    | Found Isuihob's Magic Scroll Emporium.
 37310 | Orc:2    | Reached XP level 15. HP: 70/70 MP: 33/33
 37319 | Orc:2    | Offered knowledge of Lee's Rapid Deconstruction by Vehumet.
 37325 | Orc:2    | Reached skill level 14 in Spellcasting
 37338 | Orc:2    | Found Seovaneu's Antique Weapon Boutique.
 37994 | Orc:2    | Found Retolyrr's Distillery.
 37995 | Orc:2    | Found Yneok's Distillery.
 37995 | Orc:2    | Found Fom Qeon's Magic Scroll Shop.
 38330 | D:2      | Bought a scroll of acquirement for 520 gold pieces
 38330 | D:2      | Acquired 579 gold pieces
 39224 | D:12     | Found a huge runed translucent gate.
 39224 | D:12     | Found a huge runed translucent gate.
 39225 | D:12     | Found a huge runed translucent gate.
 39227 | D:12     | Found a huge runed translucent gate.
 39812 | D:13     | Found an ornate altar of the Wu Jian Council.
 40115 | D:13     | Found a gate to the Vaults.
 41294 | D:14     | Identified Roxanne's Reference Book on Earth
 41294 | D:14     | Noticed Roxanne
 42190 | D:14     | Noticed Nessos
 42196 | D:14     | Killed Nessos
 42267 | D:14     | Found an opulent altar of Gozag.
 42937 | D:14     | Found a hide-covered altar of Uskayaw.
 43098 | D:15     | Entered Level 15 of the Dungeon
 43549 | D:15     | Offered knowledge of Lightning Bolt by Vehumet.
 43637 | D:15     | Learned a level 5 spell: Lightning Bolt
 43825 | D:15     | Reached XP level 16. HP: 75/75 MP: 14/35
 44149 | D:15     | Acquired the amulet of the Locust {RegenMP Int+4}
 44779 | D:15     | Found a staircase to the Depths.
 45744 | D:15     | Found a staircase to the Depths.
 45990 | Snake:1  | Entered Level 1 of the Snake Pit
 46015 | Snake:1  | Noticed Mlioglotl
 46022 | Snake:1  | Noticed an ancient lich
 46110 | Lair:3   | HP: 2/75 [black mamba (15)]
 47112 | Snake:1  | Reached skill level 15 in Spellcasting
 47236 | Snake:1  | Killed Mlioglotl
 47284 | Snake:1  | Noticed Azrael
 47291 | Snake:1  | Killed Azrael
 48351 | Snake:1  | Identified the +5 shortbow "Newt's Death Toll" {speed,
                  | rElec rF- Str+5}
 48890 | Snake:2  | Found the +8 storm bow {elec, penet}
 48930 | Snake:2  | Noticed Aizul
 48934 | Snake:2  | Killed Aizul
 49405 | Snake:2  | You fall into a shaft and drop 1 floor!
 49407 | Snake:3  | Offered knowledge of Freezing Cloud by Vehumet.
 49408 | Snake:3  | Reached skill level 10 in Dodging
 50495 | Snake:3  | Noticed Saint Roka
 50556 | Snake:3  | Identified the +1 scale mail of a Million Eyes {Harm rPois
                  | rCorr Str-2}
 51131 | Snake:3  | Killed Saint Roka
 51452 | Snake:3  | Reached skill level 15 in Air Magic
 51518 | Snake:3  | Reached XP level 17. HP: 79/79 MP: 9/37
 51865 | Snake:3  | Reached skill level 16 in Spellcasting
 52210 | Snake:3  | Killed from afar by a shock serpent
 52211 | Snake:3  | Reached XP level 16. HP: -6/77 MP: 24/37
 52726 | Snake:4  | Entered Level 4 of the Snake Pit
 52763 | Snake:4  | Found Odamnuv's Weapon Emporium.
 52824 | Snake:4  | Found Mechuyfu's Armour Shoppe.
 52982 | Snake:4  | Reached skill level 15 in Ice Magic
 53686 | Snake:4  | Got the Incunabulum of the Mutagenic Escort
 54022 | Snake:4  | Offered knowledge of Orb of Destruction by Vehumet.
 54568 | Snake:4  | Noticed a quicksilver dragon
 54575 | Snake:4  | Killed a quicksilver dragon
 54585 | Snake:4  | Killed from afar by a shock serpent
 54586 | Snake:4  | Reached XP level 15. HP: -17/73 MP: 13/36
 54586 | Snake:4  | Quit the game

Illustrated notes

Levels and vault maps discovered:
D:1:      evilmike_arrival_home_sweet_home, layout_rooms,
          dreamdust_ecumenical_altar_statues
D:2:      layout_rooms, serial_shops, nicolae_square_shop,
          nicolae_shop_behind_doors, nicolae_shop_trees, nicolae_shop_crystal,
          nicolae_diamond_shop, hex_tiny, minmay_divided_ellipse, uniq_terence
D:3:      minmay_razor_zed, layout_loops_corners, lemuel_coloured_pillars_altar,
          gammafunk_ghost_mausoleum
D:4:      layout_loops_cross, tso_metal_star, minmay_quadrilaterals
D:5:      layout_loops_cross, overflow_temple_1_default, general_overflow_altar,
          serial_shops, shop, kennysheep_small_spiral, uniq_blork_the_orc
D:6:      layout_basic, mainiacjoe_overflow_24_doors,
          mainiacjoe_overflow_alcove_4, minmay_temple_entry_stoned_glass,
          grunt_decor_junction
D:7:      cheibrodos_statue_roulette, layout_loops_ring, lemuel_crystal_altar
D:8:      nzn_winding_woodlands_medium [nzn_winding_woodlands_5x5_three,
          nzn_winding_woodlands_5x15_lazy_stream,
          nzn_winding_woodlands_5x5_cross, nzn_winding_woodlands_5x5_perimeter,
          nzn_winding_woodlands_center_triple_pond,
          nzn_winding_woodlands_5x5_default,
          nzn_winding_woodlands_5x5_checkerboard,
          nzn_winding_woodlands_5x15_pool, nzn_winding_woodlands_hourglass],
          layout_cave_pools, serial_gnoll_camp, gnoll_camp_mini_house,
          gnoll_camp_mini_sergeant, gnoll_camp_mini_doghouse,
          gnoll_camp_mini_hut, gnoll_camp_mini_hut, gnoll_camp_mini_hut,
          uniq_joseph
D:9:      layout_irregular_city, kennysheep_mini_moat,
          mainiacjoe_overflow_alcove_2, hellmonk_ghost_happy_afterlife,
          hangedman_incinerator
D:10:     layout_long_grid, mainiacjoe_overflow_concentric_impassable,
          old_standard_altar, erik_lair_orcish_takeover, david_orc_3,
          minivault_15, chequers_serial_rivers_marsh
D:11:     layout_basic, serial_shops, shop_fountains,
          portal_ice_cave_entry_pillars_2, enter_bailey_2, wad_floor_pattern_1,
          kennysheep_cluttered_room, uniq_snorg, uniq_nergalle
D:12:     lemuel_bear_cage, layout_cave_pods
D:13:     layout_stronghold, ximxim_vaults_locker_room,
          nicolae_wu_jian_immortal_techniques
D:14:     layout_roguey, grunt_gozag_statues, nicolae_uskayaw_suspiria,
          uniq_roxanne, uniq_nessos
D:15:     grunt_enter_depths_hoard, layout_stronghold, skrybe_limestone_x
Temple:   jpeg_temple_clearing
Lair:1:   layout_cave_pods, uniq_gastronok
Lair:2:   layout_chaotic_city, minmay_swamp_entry_swarm
Lair:3:   layout_regular_city, minmay_snake_entry_guardpost_small,
          grunt_megastairs_4
Lair:4:   layout_loops_ring, gammafunk_ghost_berserking_beasts,
          chequers_serial_rivers_large_b, grunt_megastairs_5,
          infiniplex_staircase_pool_2
Lair:5:   layout_roguey, uniq_urug
Lair:6:   minmay_lair_end_frog_pond, layout_regular_city, slime_altar_1,
          gauntlet_entry_generic, serial_bayou_pond_d, st_stairs_10,
          kennysheep_abandoned_house
Snake:1:  layout_layer_cave, uniq_mlioglotl, uniq_azrael
Snake:2:  layout_misc_corridors, uniq_aizul
Snake:3:  layout_chambers, nicolae_snake_scaly_snakehead, lemuel_fruit_tree,
          uniq_saint_roka
Snake:4:  hellmonk_snake_rune_quicksilver_temple, layout_concentric_octagons,
          minmay_shoptagon
Orc:1:    layout_caves, serial_shops, shop, gammafunk_ghost_wrathful_warriors
Orc:2:    st_orc_ogre_mass, layout_caves

Skill      XL: |  1  2  3  4  5  6  7  8  9 10 11 12 13 14 15 16 17 |
---------------+----------------------------------------------------+-----
Conjurations   | 1 2 3 |  3.0
Air Magic      | 3 4 5 7 8 9 10 12 13 15 | 15.9
Fighting       | 1 2 3 4 5 7 8 9 10 11 12 | 12.8
Spellcasting   | 3 4 5 6 8 9 10 12 13 14 15 16 | 16.7
Ice Magic      | 3 6 8 12 11 13 14 15 | 15.1
Dodging        | 8 10 | 10.0
Stealth        | |  2.6

Action                   |  1- 3 |  4- 6 |  7- 9 | 10-12 | 13-15 | 16-18 || total
-------------------------+-------+-------+-------+-------+-------+-------++-------
Melee: Unarmed           |     4 |     6 |       |    15 |       |       ||    25
       Bite              |       |     1 |       |       |       |       ||     1
 Cast: Shock             |    68 |   175 |   207 |    85 |    10 |       ||   545
       Airstrike         |       |       |    63 |   726 |   537 |   121 ||  1447
       Ozocubu's Refrige |       |       |       |       |    76 |   215 ||   291
       Conjure Ball Ligh |       |       |       |       |     3 |       ||     3
       Maxwell's Capacit |       |       |       |       |       |     5 ||     5
       Lightning Bolt    |       |       |       |       |       |     2 ||     2
Evoke: Wand              |       |       |       |    29 |       |     1 ||    30
  Use: Scroll            |       |     5 |     1 |    13 |    15 |     6 ||    40
       Potion            |       |       |     3 |     2 |     4 |     4 ||    13
 Stab: Paralysed         |       |       |       |     8 |       |       ||     8
Armor: Skin              |       |     3 |    26 |    26 |     5 |     1 ||    61
Dodge: Dodged            |    22 |    30 |    89 |   185 |    85 |    74 ||   485

Table legend: (Time is in decaauts)
 A = Elapsed time spent in this place.
 B = Non-inter-level travel time spent in this place.
 C = Inter-level travel time spent in this place.
 D = Time resting spent in this place.
 E = Time spent auto-exploring this place.
 F = Levels seen in this place.
 G = Mean time per level.
                   A        B        C        D        E       F      G
               +--------+--------+--------+--------+--------+-----+--------+
         Total |  49560 |  47088 |   2472 |   3209 |  37451 |  29 | 1709.0 |
       Dungeon |  26148 |  24526 |   1622 |   1620 |  19842 |  15 | 1743.2 |
        Temple |     72 |     63 |      9 |      0 |     52 |   1 |   72.0 |
          Lair |  11727 |  11290 |    437 |   1379 |   8434 |   6 | 1954.5 |
     Snake Pit |   7563 |   7231 |    332 |     60 |   6381 |   4 | 1890.8 |
  Orcish Mines |   2037 |   1968 |     69 |    150 |   1543 |   2 | 1018.5 |
        Bailey |   2010 |   2010 |      0 |      0 |   1198 |   1 | 2010.0 |
               +--------+--------+--------+--------+--------+-----+--------+

Top non-repeatable levels by time:
  Lair:5: 2938 daAuts
     D:7: 2850 daAuts
     D:8: 2769 daAuts
  Lair:6: 2709 daAuts
 Snake:3: 2673 daAuts
     D:9: 2648 daAuts
    D:15: 2266 daAuts
 Snake:1: 2118 daAuts
    D:10: 2085 daAuts
  Bailey: 2010 daAuts
  Lair:1: 1918 daAuts
    D:11: 1915 daAuts
  Lair:3: 1803 daAuts
    D:14: 1685 daAuts
 Snake:4: 1664 daAuts
